Map: 2000 Atmospheres LE

Players

ShoWTimE

  • Race: Protoss Protoss

Serral - Winner!

  • Race: Zerg Zerg

Event: DreamHack SC2 Masters 2021 Winter

VOD

Have the link to the VOD?

Description

Time

  • Played on: Nov. 12, 2021, 8:11 a.m.
  • Length: 10:43

All games in this series

Show
View Real Time Build Order
Export as new Build Order

ShoWTimE Protoss 

Build Orders: 1 Gate Expand, Oracle Opening 

Get SALT Encoding   

  12  0:00  Probe  
  13  0:12  Probe  
  14  0:19  Pylon  
  14  0:24  Probe  
  15  0:37  Probe (Chrono Boost)  
  15  0:39  Gateway  
  16  0:46  Assimilator, Probe (Chrono Boost)  
  17  0:51  Probe (Chrono Boost)  
  18  1:03  Probe  
  19  1:15  Probe  
  20  1:24  Nexus  
  20  1:32  Cybernetics Core  
  20  1:34  Probe  
  21  1:41  Assimilator  
  21  1:46  Probe  
  22  1:50  Pylon  
  22  1:58  Probe  
  23  2:05  Adept (Chrono Boost)  
  25  2:10  Probe  
  26  2:19  Stargate  
  26  2:22  Probe  
  27  2:26  Adept (Chrono Boost)  
  29  2:33  Warp Gate  
  29  2:35  Probe (Chrono Boost)  
  31  2:40  Probe (Chrono Boost)  
  32  2:45  Probe (Chrono Boost)  
  32  2:48  Adept, Probe (Chrono Boost)  
  32  2:50  Probe (Chrono Boost)  
  36  2:58  Probe  
  36  3:01  Pylon  
  36  3:02  Probe  
  36  3:03  Oracle (Chrono Boost)  
  38  3:11  Probe  
  42  3:14  Probe  
  43  3:20  Adept  
  43  3:23  Probe  
  43  3:26  Gateway, Probe  
  47  3:35  Probe, Oracle (Chrono Boost)  
  47  3:38  Probe  
  47  3:39  Pylon  
  52  3:47  Probe  
  53  3:50  Probe  
  53  3:55  Nexus  
  54  3:59  Probe  
  54  4:02  Probe, Pylon  
  56  4:04  Oracle (Chrono Boost)  
  59  4:10  Assimilator  
  59  4:12  Assimilator  
  59  4:13  Probe  
  59  4:15  Probe  
  61  4:25  Probe  
  61  4:27  Probe  
  61  4:28  Adept x2  
  67  4:31  Pylon  
  67  4:37  Probe  
  68  4:39  Probe  
  68  4:40  Robotics Facility  
  68  4:45  Forge  
  69  4:49  Probe  
  69  4:51  Probe  
  71  4:57  Stalker, Gateway  
  73  5:03  Probe (Chrono Boost)  
  73  5:04  Probe (Chrono Boost)  
  75  5:08  Probe (Chrono Boost), Sentry  
  79  5:16  Probe (Chrono Boost)  
  79  5:19  Probe x2 (Chrono Boost)  
  81  5:21  Probe (Chrono Boost)  
  81  5:23  Protoss Ground Weapons Level 1  
  81  5:24  Probe (Chrono Boost)  
  81  5:25  Probe  
  81  5:28  Immortal (Chrono Boost)  
  88  5:30  Probe  
  88  5:35  Probe  
  90  5:36  Sentry  
  90  5:37  Robotics Bay, Probe  
  90  5:40  Pylon  
  90  5:42  Shield Battery  
  93  5:47  Assimilator  
  93  5:51  Assimilator  
  93  5:55  Twilight Council  
  93  5:56  Pylon  
  93  5:58  Probe x3  
  93  6:00  Gateway  
  93  6:02  Observer (Chrono Boost)  
  93  6:04  Gateway x2  
  97  6:05  Phoenix  
  97  6:06  Stalker, Sentry  
  101  6:14  Probe x2  
  103  6:19  Warp Prism (Chrono Boost)  
  103  6:20  Probe  
  103  6:21  Sentry  
  105  6:30  Photon Cannon  
  105  6:33  Charge  
  105  6:39  Stalker x2  
  109  6:45  Pylon  
  109  6:55  Pylon  
  109  7:01  Disruptor (Chrono Boost)  
  109  7:05  Stalker x2, Pylon  
  109  7:08  Nexus, Dark Shrine  
  116  7:10  Pylon  
  116  7:11  Pylon  
  116  7:13  Probe x2, Pylon  
  116  7:14  Probe  
  119  7:18  Stalker x3  
  125  7:28  Probe  
  126  7:30  Probe, Disruptor (Chrono Boost)  
  126  7:31  Probe  
  126  7:36  Protoss Ground Weapons Level 2 (Chrono Boost)  
  129  7:38  Gateway  
  129  7:40  Probe  
  129  7:42  Gateway  
  130  7:44  Probe  
  127  7:51  Photon Cannon  
  127  7:52  Photon Cannon, Phoenix (Chrono Boost)  
  127  7:53  Photon Cannon  
  130  8:01  Assimilator  
  130  8:03  Probe x2  
  132  8:06  Assimilator  
  132  8:09  Shield Battery  
  132  8:11  Gateway x2  
  132  8:12  Photon Cannon, Disruptor (Chrono Boost)  
  132  8:15  Zealot x4, Phoenix (Chrono Boost), Pylon  
  142  8:34  Dark Templar  
  142  8:35  Dark Templar x3  
  142  8:40  Archon x2  
  150  8:41  Zealot x4  
  150  8:46  Pylon  
  150  8:48  Pylon  
  158  8:57  Gateway  
  158  8:59  Gateway  
  154  9:05  Dark Templar x5  
  154  9:07  Zealot x4  
  154  9:09  Archon x2  
  158  9:21  Zealot  
  144  9:25  Immortal (Chrono Boost)  
  135  9:31  Fleet Beacon  
  135  9:36  Zealot x3  
  135  9:37  Zealot x6  
  135  9:38  Zealot  
  119  9:57  Immortal (Chrono Boost), Stargate  
  119  9:58  Stargate  
  119  10:05  Stalker x5  
  133  10:08  Shield Battery  
  133  10:11  Photon Cannon  
  133  10:13  Photon Cannon  
  133  10:16  Dark Templar x3  
  136  10:21  Archon  
  136  10:23  Archon  
  138  10:34  Stalker x4  
Show
View Real Time Build Order
Export as new Build Order

Serral Zerg - Winner!

Build Orders: Hatch First 

Get SALT Encoding   

  12  0:00  Drone  
  13  0:12  Overlord  
  13  0:16  Drone  
  14  0:30  Drone x2  
  16  0:47  Hatchery  
  15  0:50  Drone  
  15  0:53  Drone  
  15  0:57  Drone  
  18  1:07  Extractor  
  17  1:12  Spawning Pool  
  17  1:15  Drone  
  17  1:20  Drone  
  18  1:28  Drone  
  19  1:38  Drone  
  20  1:48  Overlord  
  20  1:59  Queen  
  20  2:00  Zergling x4, Queen  
  26  2:10  Drone x2  
  26  2:12  Metabolic Boost  
  28  2:20  Drone  
  28  2:21  Drone  
  30  2:35  Queen  
  32  2:40  Hatchery  
  32  2:43  Drone  
  32  2:45  Drone  
  32  2:48  Overlord  
  33  2:53  Drone  
  33  2:56  Drone  
  33  2:57  Drone  
  36  3:03  Overlord  
  36  3:11  Drone x3  
  39  3:14  Drone x4  
  43  3:21  Queen  
  43  3:25  Queen  
  47  3:29  Overlord  
  47  3:31  Drone  
  47  3:33  Drone  
  49  3:37  Zergling x2  
  49  3:41  Spore Crawler  
  49  3:42  Zergling x6  
  49  3:46  Overlord  
  52  3:50  Spore Crawler  
  52  3:51  Drone x2  
  52  3:52  Drone  
  52  3:54  Drone  
  52  3:55  Drone  
  56  4:02  Drone x2  
  58  4:06  Drone, Queen  
  58  4:08  Drone  
  62  4:11  Drone x2  
  62  4:12  Drone  
  62  4:14  Drone  
  66  4:18  Zergling x4  
  66  4:20  Drone  
  66  4:21  Drone  
  69  4:25  Drone x3  
  69  4:28  Spore Crawler  
  69  4:30  Zergling x2  
  72  4:35  Overlord  
  72  4:36  Zergling x2  
  73  4:42  Lair  
  73  4:45  Extractor, Roach Warren  
  71  4:46  Extractor  
  71  4:47  Zergling x4  
  71  4:49  Drone  
  71  4:50  Overlord  
  71  4:52  Overlord  
  73  4:53  Overlord  
  73  4:56  Overlord  
  73  4:59  Drone x2  
  76  5:00  Drone x4  
  76  5:01  Drone  
  76  5:04  Overlord  
  79  5:10  Drone  
  79  5:11  Drone  
  79  5:13  Extractor  
  79  5:14  Drone x4, Extractor x2  
  79  5:16  Drone  
  79  5:20  Zergling x2  
  83  5:23  Zergling x4  
  83  5:24  Drone  
  83  5:26  Drone  
  86  5:31  Spore Crawler  
  86  5:33  Drone  
  86  5:34  Drone, Evolution Chamber  
  86  5:37  Drone  
  86  5:39  Drone x3  
  86  5:42  Glial Reconstitution  
  90  5:43  Drone x3, Overseer, Hatchery  
  90  5:45  Overlord  
  92  5:50  Overlord  
  92  5:54  Overlord  
  91  5:58  Zergling x4  
  91  5:59  Drone x2  
  91  6:03  Zerg Missile Weapons Level 1  
  95  6:05  Drone  
  95  6:07  Drone, Infestation Pit  
  95  6:09  Overlord  
  95  6:14  Drone x2  
  95  6:15  Drone x3  
  95  6:18  Roach x2  
  99  6:24  Roach x3  
  99  6:25  Roach  
  107  6:28  Overlord  
  107  6:32  Overlord  
  107  6:40  Spire  
  107  6:46  Drone x2  
  107  6:47  Drone x2  
  109  6:48  Drone  
  109  6:49  Drone x3  
  109  6:50  Extractor  
  109  6:53  Extractor  
  112  6:54  Overlord  
  112  6:57  Drone x4  
  112  6:58  Queen  
  118  7:01  Hive, Roach x2  
  118  7:02  Roach  
  118  7:04  Roach  
  118  7:05  Roach  
  128  7:09  Roach x3  
  128  7:12  Ravager x5  
  128  7:15  Spore Crawler  
  137  7:18  Roach  
  137  7:19  Roach x2  
  137  7:22  Ravager  
  144  7:23  Roach x3  
  144  7:29  Roach x4  
  155  7:31  Ravager  
  155  7:36  Zergling x14  
  161  7:41  Baneling Nest  
  161  7:44  Evolution Chamber  
  158  7:48  Zergling x16  
  165  7:55  Overlord  
  165  7:59  Zerg Missile Weapons Level 2  
  165  8:00  Drone x2  
  165  8:01  Drone  
  165  8:02  Overlord x4  
  168  8:06  Zergling x4  
  170  8:13  Greater Spire, Zerg Melee Weapons Level 1  
  170  8:14  Viper x2, Adrenal Glands  
  170  8:17  Zergling x4  
  171  8:27  Zergling x2  
  171  8:28  Zergling x10  
  171  8:33  Hatchery  
  172  8:36  Drone  
  172  8:37  Drone x3  
  172  8:38  Drone  
  177  8:43  Roach x5  
  177  8:46  Baneling x10  
  187  8:48  Centrifugal Hooks  
  187  8:53  Baneling x2  
  187  8:54  Baneling, Roach x2  
  191  9:02  Roach x5  
  199  9:04  Baneling x6  
  193  9:21  Roach x10  
  198  9:27  Drone x2  
  197  9:34  Roach  
  197  9:35  Zergling x6, Roach x3  
  188  9:49  Pneumatized Carapace, Overseer  
  188  9:50  Zergling x12  
  188  9:51  Zergling x12  
  200  9:56  Overseer  
  200  10:01  Spore Crawler  
  200  10:02  Baneling x6  
  200  10:03  Spine Crawler  
  198  10:24  Zergling x2  
  198  10:25  Zergling x2  

Tags
 
Add a new tag
Caveats
  • Supply blocks, unpowered buildings, or Contaminate may cause inaccurate times.
  • Supply counts are checked every 10 seconds.